[Event "European Women-ch 2023"]
[Site "Petrovac"]
[Date "2023.03.23"]
[Round "6.14"]
[White "Berke, Ana"]
[Black "Manova, Ivana"]
[Result "1-0"]
[ECO "B28"]
[WhiteElo "2107"]
[BlackElo "1923"]
[Annotator "TA"]
[PlyCount "86"]
[EventDate "2023.03.15"]
[EventType "swiss"]
[EventCountry "MNE"]
[SourceTitle "playchess.com"]
[Source "ChessBase"]
[SourceQuality "1"]
[TimeControl "40/5400+30:1800+30"]

1. e4 c5 2. Nf3 a6 3. c4 Nc6 4. d4 cxd4 5. Nxd4 e5 6. Nc2 Bc5 7. Bd3 Nge7 8. O-O O-O {[%emt 0:00:18] The position is equal.} 9. Be3 d6 10. Nc3 Be6 11. Nd5 Rc8 12. Kh1 Bxe3 13. Ncxe3 Bxd5 14. exd5 Nd4 15. f4 (15. Qh5 f5 $15) 15... f5 16. Rc1 Qb6 17. Nc2 Nxc2 18. Rxc2 e4 19. Be2 Rc7 20. Qd2 a5 21. Rb1 Ng6 22. g3 Rfc8 23. Rc3 Nf8 24. Rb3 Qf2 {[%emt 0:00:38] ...Rxc4 is the strong threat.} 25. Rf1 Qa7 26. Ra3 Ra8 27. b4 b6 28. g4 g6 (28... fxg4 $11 29. f5 Nd7) 29. Rg1 $36 {[%emt 0:00:52][%mdl 2048] White has some pressure. White is more active.} fxg4 30. Rxg4 (30. Bxg4 $5 Rxc4 31. f5 $16) 30... Rf7 31. Rg2 ({White should play} 31. c5 $14) 31... Qb8 (31... Qc7 $11) 32. c5 $1 $14 bxc5 (32... dxc5 $16 33. bxc5 bxc5) 33. bxc5 dxc5 34. d6 $1 {[%emt 0:00:41] Black must now prevent Bc4.} Qb4 {[%emt 0:04:34] [#] Prevents Bc4.} 35. Qc1 {[%emt 0:00:21][%mdl 1024] Strongly threatening Bc4. White has strong compensation.} Kg7 $2 {[%emt 0:00:28] Black cannot hold the game after this.} (35... Rd8 $16 {is a better defense.}) 36. Bc4 $18 Rf6 {[%emt 0:00:57] Wards off f5} (36... Qb7 37. Bxf7 (37. Rb3 Qc6 $18) 37... Qxf7 38. Qxc5 Qxf4 39. Qd4+ (39. Rxa5 Rxa5 40. Qxa5 Qf1+ 41. Rg1 Qf3+ 42. Rg2 Qf1+ 43. Rg1 Qf3+ 44. Rg2 Qf1+ $11) 39... Qf6 40. Qxf6+ (40. Qxe4 Qxd6 41. Re3 Ra7 $18) 40... Kxf6) 37. Rb3 {[%emt 0:01:04] White is clearly winning.} Qa4 38. Rb7+ Kh8 39. Qa1 Nd7 {[%emt 0:00:30] [#]} 40. Rxd7 $1 {[%emt 0:00:00][%mdl 576] Remove Defender} Qxd7 41. Qxf6+ Qg7 42. Qxg7+ Kxg7 43. d7 h5 {[%emt 0:05:54] Artfully played by Berke.   Weighted Error Value: White=0.08 (flawless) /Black=0.23 (precise)} 1-0

[Event "European Women-ch 2023"]
[Site "Petrovac"]
[Date "2023.03.23"]
[Round "6.14"]
[White "Pogorelskikh, Sofia"]
[Black "Urh, Zala"]
[Result "0-1"]
[ECO "C60"]
[WhiteElo "2102"]
[BlackElo "2294"]
[Annotator "TA"]
[PlyCount "74"]
[EventDate "2023.03.15"]
[EventType "swiss"]
[EventCountry "MNE"]
[SourceTitle "playchess.com"]
[Source "ChessBase"]
[SourceQuality "1"]
[TimeControl "40/5400+30:1800+30"]

1. e4 e5 2. Nf3 Nc6 3. Bb5 a6 4. Ba4 d6 5. O-O Bd7 6. c3 g6 7. d4 Bg7 8. h3 Nf6 9. Re1 O-O 10. Nbd2 exd4 {[%emt 0:00:47] C60: Ruy Lopez: Unusual Black 3rd moves and 3...g6.} 11. cxd4 Nb4 12. Bxd7 Qxd7 {[%emt 0:00:32] The position is equal.} 13. Qb3 {[%emt 0:01:24] Against Nd3} a5 14. a3 Nc6 15. d5 (15. Qxb7 $2 Rfb8 $19) 15... Nb8 {[%emt 0:00:44] [#]} 16. Nf1 $146 (16. Qxb7 $11 Na6 17. Qc6) ({Predecessor:} 16. Qxb7 Na6 17. Qb3 Rfe8 18. Qc4 Qc8 19. Rb1 Nc5 20. b4 axb4 21. axb4 Na4 22. Rb3 {1-0 Seo,J (2466)-Vestby Ellingsen,M (2368) Kragero op 2022 (9)}) 16... Na6 $15 17. Bf4 (17. Qxb7 Nc5 18. Qc6 Qxc6 19. dxc6 Nfxe4 $17) ({Better is} 17. Qc2 $15) 17... Nc5 $17 18. Qc2 Rfe8 {[%emt 0:07:35][%cal Re8e4][%mdl 64] [#] Deflection} 19. e5 Nxd5 20. Bg3 Qc6 (20... Qa4 $142 21. Qxa4 Nxa4) 21. exd6 cxd6 22. N1d2 {[%emt 0:04:58] Dodges Ne4} a4 23. Rac1 Rxe1+ 24. Nxe1 Rc8 25. Qb1 Ne7 {[%emt 0:04:58][%cal Bd5e7,Be7f5,Bf5d4][%mdl 32] Black is more active.} 26. b4 axb3 27. Nxb3 Nf5 28. Bf4 b6 29. Nd2 (29. Nf3 $142) 29... Nd4 $19 30. Kf1 {[%emt 0:00:51] Wards off Ne2} d5 (30... Ra8 $19 {aiming for ...Qb7.} 31. Ndf3 Nde6) 31. Nd3 $2 (31. Nef3 $17 {is a better chance.}) 31... Qa8 (31... Nxd3 $142 32. Rxc6 Rxc6) 32. Nb4 (32. Be3 $142) 32... Re8 {[%emt 0:05:15] ...Ne2 would be deadly.} ({Inferior is} 32... Qxa3 33. Nxd5 Rf8 34. Nc4 Qd3+ 35. Qxd3 Nxd3 36. Rb1 $17) 33. Be3 Qxa3 $2 (33... Ne2 $19 {has better winning chances.} 34. Nf3 (34. Kxe2 $2 {is the wrong capture.} d4 $19 {[%mdl 64] Pin}) 34... d4) 34. Nxd5 $17 {[%emt 0:00:19] [#]} Qa6+ (34... b5 $1 $17 {White must now prevent ...Nce6.} 35. Rc3 Qa7) 35. Nc4 $11 {[%emt 0:00:32] Threatens to win with Nc7.} Nce6 {[%emt 0:00:31] Against Nc7. Black wants to play ...b5.} 36. Qxb6 Qa2 37. Qb5 $2 Nxb5 {Weighted Error Value: White=0.55/Black=0.50} 0-1

[Event "European Women-ch 2023"]
[Site "Petrovac"]
[Date "2023.03.23"]
[Round "6.15"]
[White "Donghvani, Nia"]
[Black "Schulze, Lara"]
[Result "1/2-1/2"]
[ECO "A28"]
[WhiteElo "2025"]
[BlackElo "2277"]
[Annotator "TA"]
[PlyCount "62"]
[EventDate "2023.03.15"]
[EventType "swiss"]
[EventCountry "MNE"]
[SourceTitle "playchess.com"]
[Source "ChessBase"]
[SourceQuality "1"]
[TimeControl "40/5400+30:1800+30"]

1. c4 e5 2. Nc3 Nf6 3. Nf3 Nc6 4. e4 Bb4 5. d3 d6 6. a3 Bc5 7. b4 Bb6 8. Na4 Bd4 9. Nxd4 Nxd4 10. Be2 O-O 11. O-O Be6 12. Nc3 c6 13. f4 a5 14. Rb1 axb4 15. axb4 exf4 16. Rxf4 Nxe2+ 17. Qxe2 d5 (17... Re8 $11) 18. e5 (18. exd5 $14 cxd5 19. Rd4) 18... Nd7 $11 19. cxd5 cxd5 20. d4 Nb6 (20... Qb6 {simplifies} 21. Qb5 Rfc8 22. Qxb6 Nxb6 23. Bd2 Nc4) 21. Qh5 Qc8 22. Bd2 ({Not} 22. Rh4 $2 Bf5 23. Bb2 Bxb1 24. Nxb1 Qc2 $19) 22... Qc4 23. Rh4 {[%emt 0:07:42][%csl Gh4][%cal Rh5h7] [#]} Qd3 {[%emt 0:00:15] ...Rfc8 is the strong threat.} 24. Rf1 Qg6 $2 (24... Rfc8 $19 {...Nc4 would be deadly.} 25. Rd1 h6 26. Bxh6 (26. Qf3 $2 Qxf3 27. gxf3 Ra3 $19) 26... Qh7 27. Bxg7 (27. Bd2 $2 Qxh5 {[%mdl 64] Deflection} 28. Rxh5 Bg4 $19) 27... Qxh5 28. Rxh5 Kxg7) 25. Qxg6 $15 hxg6 26. Nb5 (26. Rhf4 $15) 26... Rfc8 {[%emt 0:10:10] White must now prevent ...Rc2.} 27. Bg5 Rc2 (27... Nc4 $17 28. Re1 Bd7) 28. Rhf4 $1 $11 Nc4 {[%emt 0:04:40] [#] Hoping for ...Ne3. White is weak on the light squares} 29. R4f2 Rxf2 30. Rxf2 Ra4 31. Be7 Ra1+ {[%emt 0:02:17] Weighted Error Value: White=0.21 (precise) /Black=0.23 (precise)} (31... Ne3 $5 32. h3 Nf5 $11) 1/2-1/2

[Event "European Women-ch 2023"]
[Site "Petrovac"]
[Date "2023.03.23"]
[Round "6.15"]
[White "Karaivanova, Petya"]
[Black "Hapala, Elisabeth"]
[Result "0-1"]
[ECO "B49"]
[WhiteElo "1875"]
[BlackElo "2072"]
[Annotator "TA"]
[PlyCount "126"]
[EventDate "2023.03.15"]
[EventType "swiss"]
[EventCountry "MNE"]
[SourceTitle "playchess.com"]
[Source "ChessBase"]
[SourceQuality "1"]
[TimeControl "40/5400+30:1800+30"]

1. e4 c5 2. Nf3 e6 3. d4 cxd4 4. Nxd4 Nc6 5. Nc3 Qc7 6. Be3 a6 7. Be2 Nf6 8. O-O Bb4 9. Na4 Be7 10. Nxc6 bxc6 11. Nb6 Rb8 12. Nxc8 Qxc8 13. e5 Nd5 14. Bd4 (14. Bc1 $1 $14) 14... c5 $11 15. c4 Nf4 (15... cxd4 $11 16. cxd5 Qc5) 16. Bc3 $1 $14 {[%emt 0:01:13] White is slightly better.} (16. Be3 Ng6 $11) 16... Nxe2+ 17. Qxe2 O-O 18. f4 f5 19. Rf3 Rf7 20. Rd1 Qc6 21. Rfd3 Rb7 22. h3 (22. b3 $16) 22... Bf8 (22... a5 $14) 23. Qf2 {[%emt 0:02:42] Black is weak on the dark squares} ({White should try} 23. b3 $16) 23... h6 (23... a5 $14) 24. b3 $16 Qe4 25. Re3 Qc6 26. Red3 (26. Kh2 $16) 26... Ra7 (26... Qe4 $1 $11) 27. g4 (27. Ba5 $16) 27... fxg4 28. hxg4 Qe4 29. Rf3 Qg6 30. Rg3 Qe4 {[%emt 0:04:36] [#]} (30... a5 $11 {remains equal.}) 31. Rf3 ({White should play} 31. f5 $1 $16) 31... Rc7 (31... Qg6 $11 {keeps the balance.}) 32. Re1 Qg6 {[%emt 0:00:10] [#]} 33. Rg3 (33. Qg2 $1 $16) 33... Be7 $1 $11 {[%emt 0:02:05] Strongly threatening ...Bh4.} 34. Rg2 Bg5 35. Bd2 {[%emt 0:02:00] With the idea Qg3.} Rc8 $1 {[%emt 0:00:42][%cal Og5f4] And now ...Bxf4! would win.} 36. Qg3 Be7 37. Qe3 Rcf8 38. Rf1 Bg5 39. Qg3 (39. Qxc5 Bxf4 40. Bxf4 Rxf4 41. Rxf4 Rxf4 42. Qc8+ Kh7 43. Qxd7 Qe4 $15) 39... Be7 40. Qe3 Bg5 41. Qg3 (41. Qxc5 Bxf4 42. Bxf4 Rxf4 43. Rxf4 Rxf4 44. Qc8+ Kh7 45. Qxd7 Qe4 $17) 41... Qe4 42. Re1 (42. Rgf2 $11 {was the only way to keep the balance.} Be7 43. Qf3) 42... Qd4+ $17 43. Qe3 (43. Be3 $17 Bxf4 44. Bxd4 Bxg3 45. Rxg3 cxd4 46. g5) 43... Rxf4 $19 ({Weaker is} 43... Qxf4 44. Qxc5 Qf3 45. Bxg5 hxg5 46. Qe3 $15) ({Stronger than} 43... Bxf4 44. Qxd4 cxd4 45. Bb4 $17) 44. Qxd4 Rxd4 {[%emt 0:00:01][%mdl 64] Discovered Attack} 45. Bc3 (45. Bxg5 {keeps fighting.} hxg5 46. Rf1) 45... Rd3 46. Bb2 Bd2 47. Ree2 (47. Rb1) 47... Be3+ {[%emt 0:01:34] Black is clearly winning.} 48. Kh2 Bf4+ 49. Kh1 Rh3+ 50. Kg1 Be3+ 51. Rxe3 Rxe3 {[%emt 0:00:02][%mdl 4096] Endgame KRR-KRB} 52. Ba3 Rxe5 53. Rd2 Rf7 54. Kg2 Rg5 55. Kh3 h5 56. gxh5 Rxh5+ 57. Kg4 g6 58. Rd6 Rh2 {[%emt 0:01:58] ( -> ...Rg2+)} 59. Kg3 {[%emt 0:01:01] Wards off Rg2+} Rxa2 60. Bxc5 a5 61. Ra6 Rf5 62. Bd4 Kf7 63. b4 Ra3+ {[%emt 0:00:13] What a bad dream for White.   Weighted Error Value: White=0.37/Black=0.19 (very precise)} 0-1

[Event "European Women-ch 2023"]
[Site "Petrovac"]
[Date "2023.03.23"]
[Round "6.16"]
[White "Koljevic, Nikolina"]
[Black "Humbatova, Nazli"]
[Result "1-0"]
[ECO "B40"]
[WhiteElo "2042"]
[BlackElo "1737"]
[Annotator "TA"]
[PlyCount "117"]
[EventDate "2023.03.15"]
[EventType "swiss"]
[EventCountry "MNE"]
[SourceTitle "playchess.com"]
[Source "ChessBase"]
[SourceQuality "1"]
[TimeControl "40/5400+30:1800+30"]

1. e4 e6 2. d3 d5 3. Nd2 c5 4. Ngf3 g6 5. g3 Bg7 6. Bg2 Ne7 7. h4 h5 8. O-O {[%emt 0:00:56] The position is equal.} Nbc6 9. Re1 O-O 10. c3 b6 11. Qc2 Bb7 12. Nf1 d4 13. c4 e5 14. Ng5 Bc8 15. f4 f6 16. Nf3 Bd7 17. N1h2 Nb4 18. Qe2 a5 (18... Nbc6 $11) 19. Rf1 (19. fxe5 $14 fxe5 20. Rf1 (20. Bg5 Na6 $11)) 19... a4 20. Bd2 (20. fxe5 $14 fxe5 21. a3) 20... Nec6 ({Black should try} 20... a3 21. Bxb4 cxb4) 21. a3 (21. fxe5 $11 Nxe5 22. Nxe5 (22. Bxb4 cxb4 23. Nxd4 Qc7 $15) 22... fxe5 23. Bg5) 21... Na6 (21... Nc2 $15 22. Rac1 Ne3 23. Bxe3 dxe3) 22. f5 $14 gxf5 {[%emt 0:06:09] This move loses the game for Black.} (22... Qe8 $1 $14) 23. exf5 $18 Rb8 $2 {[%emt 0:04:21] [#]} (23... Nc7 24. Ng5 Qe8) 24. Ng5 $1 Ne7 (24... e4 25. Bxe4) 25. Qxh5 fxg5 26. Bxg5 Qe8 (26... Rxf5 $2 27. Rxf5 Be8 28. Qg4 $18) 27. Qxe8 Rbxe8 28. f6 Bxf6 29. Rxf6 (29. Bxf6 Nf5 $16) 29... Rxf6 30. Bxf6 Nf5 31. Bd5+ Be6 32. Bc6 {[%emt 0:00:17] This pair of bishops is nice.} (32. Bxe5 Bxd5 33. Ng4 Rxe5 $16) 32... Rf8 33. Bxe5 Nb8 34. Bxb8 Rxb8 35. Re1 (35. Bxa4 $6 Nxg3 36. Nf3 Ne2+ 37. Kh2 Rf8 $16) 35... Bf7 (35... Kf7 {was called for.} 36. Nf3 (36. Bxa4 Nxg3 37. Nf3 Bf5 $18) 36... Ne3 37. Ng5+ (37. Bxa4 Bf5 $18) 37... Kf6 38. Nxe6 (38. Bxa4 Bf5 $14) 38... Kxe6 39. Bxa4 Kd6) 36. Re5 (36. Bxa4 Nxg3 37. Ng4 Nh5 $18) 36... Ne3 37. Nf1 (37. Bxa4 Bg6 $16) 37... Nd1 38. Re2 (38. Bxa4 Nxb2 39. Bb5 Nxd3 $11) 38... Bh5 39. g4 Bg6 40. Bd5+ (40. Bxa4 $142 Bxd3 41. Bxd1) 40... Kh8 41. Be4 Bxe4 42. dxe4 {[%emt 0:03:12][%cal Bd3e4,Be4e5,Be5e6][%mdl 4128] Endgame Black must now prevent e5. KRN-KRN} (42. Rxe4 Nxb2 43. g5 Nxd3 $11) 42... b5 43. cxb5 (43. Rd2 bxc4 44. Rxd1 Rxb2 $14) 43... Rxb5 44. e5 $1 {[%emt 0:00:03] e6 is the strong threat.} Rxb2 $2 (44... d3 45. Re4 Nxb2) 45. Rxb2 Nxb2 {[%emt 0:00:03] KN-KN} 46. e6 Kg7 47. h5 {[%emt 0:01:47][%cal Bh4h5,Bh5h6,Bh6h7][%mdl 32] Intending h6+! and mate.} Nc4 48. Ng3 {[%emt 0:05:13][%cal Oh5h6] aiming for h6+!} Kf6 49. h6 $1 {[%emt 0:01:48] White wants to mate with h7.} ({Less strong is} 49. Ne4+ Kxe6 50. Nxc5+ Ke5 $16) 49... Ne5 {[%emt 0:03:41] [#]} 50. h7 $1 Ng6 {[%emt 0:00:47] [#]} 51. Nh5+ $1 ({Not} 51. Ne4+ Kxe6 52. Nxc5+ Kf7 53. Nxa4 Kg7 $18) 51... Ke7 {[%emt 0:00:11] [#]} 52. Nf4 $1 {[%emt 0:00:43][%mdl 576] Deflection, Promotion} Nh8 (52... Nxf4 53. h8=Q) 53. g5 {[%emt 0:00:52][%cal Bg4g5,Bg5g6,Bg6g7][%mdl 32] White mates.} c4 54. Kf2 c3 55. Ke2 c2 56. Kd2 d3 57. g6 (57. Kxd3 $2 c1=Q 58. Nd5+ Kxe6 $19) 57... Kf8 58. Kc1 (58. Kxd3 $2 {too greedy.} c1=Q 59. e7+ Kxe7 $19) 58... Ke7 59. g7 {[%emt 0:00:07] Artfully played by Koljevic.   Weighted Error Value: White=0.19 (very precise) /Black=0.35} 1-0

[Event "European Women-ch 2023"]
[Site "Petrovac"]
[Date "2023.03.23"]
[Round "6.16"]
[White "Golsta, Ramona"]
[Black "Sliwicka, Alicja"]
[Result "0-1"]
[ECO "E94"]
[WhiteElo "1760"]
[BlackElo "2272"]
[Annotator "TA"]
[PlyCount "54"]
[EventDate "2023.03.15"]
[EventType "swiss"]
[EventCountry "MNE"]
[SourceTitle "playchess.com"]
[Source "ChessBase"]
[SourceQuality "1"]
[TimeControl "40/5400+30:1800+30"]

1. d4 Nf6 2. c4 g6 3. Nc3 Bg7 4. e4 d6 5. Nf3 O-O 6. Be2 Nbd7 7. O-O e5 8. Qc2 Re8 9. Rd1 c6 10. Ne1 $2 (10. d5 $14 {stays ahead.}) 10... exd4 $17 11. Rxd4 {[%emt 0:02:42] [#]} Nd5 {[%emt 0:12:34][%mdl 512] Repels Be3} 12. Rd1 {[%emt 0:08:44] Black is better.} (12. Rxd5 cxd5) 12... Nxc3 13. bxc3 Nc5 14. f3 Qa5 {[%emt 0:02:55] Black is more active.} 15. Kf1 {[%emt 0:18:36] [#]} (15. Be3 $17) 15... f5 $1 $19 (15... Bxc3 16. Bd2 Bb4 17. Bxb4 Qxb4 18. Qd2 Qxd2 19. Rxd2 $15) (15... Qxc3 16. Qxc3 Bxc3 17. Rb1) 16. Rxd6 (16. Be3 $142) 16... fxe4 (16... Bxc3 17. Bd2 Bxd2 18. Qxd2 Qxd2 19. Rxd2 $17) (16... Qxc3 $2 17. Qxc3 Bxc3 18. Rb1 $17) 17. f4 e3 {[%emt 0:02:47] White must now prevent ...Bf5. Black is clearly winning.} (17... Bxc3 $2 18. Bd2 Bxd2 19. Qxd2 Qxd2 20. Rxd2 $19) (17... Qxc3 $2 18. Rb1 $19) 18. g4 {[%emt 0:02:40] Prevents Bf5} (18. Bb2 $142) 18... Qc7 19. Qd1 Ne4 20. c5 Qf7 21. Qb3 Nxd6 (21... Nxc5 22. Qxf7+ Kxf7 23. Ba3 $17) (21... Bxc3 22. Bc4 $17) 22. cxd6 Be6 {[%emt 0:00:08][%mdl 64] Skewer} 23. Qb4 a5 {[%emt 0:00:13][%mdl 64] Deflection} ({Weaker is} 23... Bxa2 24. Rxa2 Kh8 25. Ra5 $14) 24. Qc5 Qxf4+ ({Inferior is} 24... Bxa2 25. Rxa2 Re4 26. Rc2 (26. Rxa5 $2 {loses.} Rxa5 27. Qxa5 Rxf4+ 28. Nf3 Rxf3+ 29. Ke1 Qb3 $19) 26... Qxf4+ 27. Bf3 $17) 25. Nf3 Bd5 {[%emt 0:01:35] aiming for ...Re6.} 26. d7 Rf8 {[%emt 0:01:02][%cal Of4g4] ...Qxg4! is the strong threat.} 27. Bxe3 Qxg4 {[%emt 0:00:23] White did not feel at home in the position after the opening. Magnificent play by Sliwicka!   Weighted Error Value: White=1.10/Black=0.16 (very precise)} 0-1

[Event "European Women-ch 2023"]
[Site "Petrovac"]
[Date "2023.03.23"]
[Round "6.17"]
[White "Mammadova, Gulnar"]
[Black "Kobak, Polina"]
[Result "1-0"]
[ECO "A20"]
[WhiteElo "2358"]
[BlackElo "1815"]
[Annotator "TA"]
[PlyCount "93"]
[EventDate "2023.03.15"]
[EventType "swiss"]
[EventCountry "MNE"]
[SourceTitle "playchess.com"]
[Source "ChessBase"]
[SourceQuality "1"]
[TimeControl "40/5400+30:1800+30"]

1. c4 e5 2. g3 c6 3. Nf3 e4 4. Nd4 d5 5. cxd5 cxd5 6. d3 Bc5 7. Nb3 Bb4+ 8. Bd2 {[%emt 0:01:17] White is slightly better.} Qe7 9. dxe4 dxe4 10. Bg2 Nf6 11. O-O Bxd2 12. Qxd2 ({Much worse is} 12. N1xd2 O-O $11) 12... O-O 13. Nc3 Nc6 14. Rfd1 Bf5 15. Qg5 Bg6 16. Qc5 {[%emt 0:00:56] White is much more active. The black rooks are badly placed.} Rfe8 17. Rac1 (17. Qxe7 {simplifies} Rxe7 18. Nd4 Nxd4 19. Rxd4 Bf5 20. Rad1) 17... e3 (17... Rad8 $14) 18. fxe3 Ne4 ({Better is} 18... Qe6 $14) 19. Qxe7 Rxe7 {[%emt 0:00:04] [#]} 20. Bxe4 $1 Bxe4 21. Nc5 f5 22. b3 Ne5 23. N5xe4 fxe4 24. h3 {[%emt 0:00:10] Wards off Ng4} ({Much less strong is} 24. Nxe4 Ng4 $16) 24... Nc6 25. Rd6 Rf8 26. Rcd1 Rf5 27. Nd5 Ref7 28. b4 {[%emt 0:02:46] aiming for b5.} g5 (28... h5 $16 {might work better.} 29. b5 Ne5) 29. Re6 Re5 30. Nf6+ Kg7 31. Rxe5 Nxe5 32. Nxe4 $18 {[%emt 0:00:03][%mdl 4096] Endgame KRN-KRN} h6 (32... Nc4 $142 33. Rc1 (33. Nxg5 Nxe3 34. Rc1 Re7 $18) 33... Nxe3 34. Nxg5 Re7) 33. Nd6 Rd7 34. Nf5+ Kg6 35. Nd4 Nc4 36. Kf2 b5 (36... h5 $16 37. g4 a6 38. gxh5+ Kxh5) 37. g4 a6 38. Rc1 Rd6 {[%emt 0:00:38] [#]} 39. a4 $1 Rf6+ 40. Nf3 Re6 41. axb5 axb5 42. Rc3 Rf6 (42... Ra6 $142 43. Nd4 Ra4 44. Nxb5 Rxb4) 43. Rd3 Re6 44. Rd5 Na3 45. Nd4 Rf6+ 46. Nf5 Rb6 47. Rd7 {[%emt 0:04:59] Weighted Error Value: White=0.09 (flawless) /Black=0.23 (precise)} 1-0

[Event "European Women-ch 2023"]
[Site "Petrovac"]
[Date "2023.03.23"]
[Round "6.17"]
[White "Aydin, Gulenay"]
[Black "Bassari, Senem Gul"]
[Result "1-0"]
[ECO "B90"]
[WhiteElo "2039"]
[BlackElo "1524"]
[Annotator "TA"]
[PlyCount "93"]
[EventDate "2023.03.15"]
[EventType "swiss"]
[EventCountry "MNE"]
[SourceTitle "playchess.com"]
[Source "ChessBase"]
[SourceQuality "1"]
[TimeControl "40/5400+30:1800+30"]

1. e4 c5 2. Nf3 d6 3. d4 cxd4 4. Nxd4 Nf6 5. Nc3 a6 6. a3 g6 (6... e5 $5 7. Nb3 Be6 $11) 7. f3 Bg7 8. Be3 b5 {[%emt 0:04:14] White has an edge.} 9. Qd2 h5 10. Be2 Bb7 11. O-O Nbd7 12. a4 bxa4 (12... b4 $11 13. Na2 d5) 13. Rxa4 $16 h4 14. h3 {[%emt 0:14:57] White is more active.} (14. Nb3 $142) 14... Nh5 15. Rfa1 Nc5 16. R4a3 Ng3 17. Bc4 (17. Nb3 {simplifies} Nxb3 18. Rxb3 Nxe2+ 19. Qxe2 Qc7 20. Ra4) 17... Rc8 18. Bd5 Qb6 19. Nb3 {[%emt 0:01:23] Nxc5 would be deadly.} Qc7 {[%emt 0:06:02] [#]} 20. Nxc5 $1 dxc5 21. Rb3 Bxc3 22. Rxc3 Bxd5 23. Rxc5 $2 {[%emt 0:01:54][%mdl 8192] [#]} (23. exd5 $16 {is necessary to keep the advantage.} Qb6 24. Rb3) 23... Qb8 $2 24. Rxc8+ (24. Qxd5 O-O) 24... Qxc8 25. exd5 O-O 26. Bf2 Nf5 27. Ra4 ({White should play} 27. Qe2) 27... Qb7 (27... Rd8 $16) 28. Rb4 ({Don't do} 28. Bxh4 $6 Qxb2 29. Be1 Rc8 $14) 28... Qd7 29. Bxh4 Rd8 30. Re4 (30. Be1 $18) 30... Qa7+ $2 (30... Nxh4 $16 31. Rxh4 Qxd5 32. Qxd5 (32. Qh6 Qc5+ 33. Kh2 Qe5+ 34. f4 Qg7 $16) 32... Rxd5) 31. Bf2 $18 Qb7 32. c4 Nd6 33. Rd4 Nf5 34. Rd3 Rb8 35. b3 Qd7 36. g4 Ng7 37. Bd4 Qd6 38. Kg2 ({Resist} 38. Qh6 f6 39. Kg2 Qa3 $18) 38... Ne8 (38... f6 $142 39. Bf2 Qb4) 39. Qh6 Nf6 40. g5 Qf4 41. Be3 Qf5 42. gxf6 exf6 43. Qf4 Qxd3 44. Qxb8+ Kg7 45. Bf2 Qd2 46. h4 {[%emt 0:00:13][%cal Bh3h4,Bh4g5][%mdl 32] Threatens to win with Qc7.} g5 47. hxg5 {[%emt 0:00:48] Weighted Error Value: White=0.26 (precise) /Black=0.50} 1-0

[Event "European Women-ch 2023"]
[Site "Petrovac"]
[Date "2023.03.23"]
[Round "6.18"]
[White "Richterova, Natasa"]
[Black "Fataliyeva, Ulviyya"]
[Result "1-0"]
[ECO "D44"]
[WhiteElo "2190"]
[BlackElo "2427"]
[Annotator "TA"]
[PlyCount "93"]
[EventDate "2023.03.15"]
[EventType "swiss"]
[EventCountry "MNE"]
[SourceTitle "playchess.com"]
[Source "ChessBase"]
[SourceQuality "1"]
[TimeControl "40/5400+30:1800+30"]

1. d4 Nf6 2. c4 e6 3. Nf3 d5 4. Nc3 Bb4 5. Bg5 dxc4 6. e4 b5 7. a4 c6 8. e5 h6 9. exf6 hxg5 10. fxg7 Rg8 11. g3 Bb7 {[%emt 0:08:43] D44: Semi-Slav: Botvinnik System.} 12. Bg2 $1 {[%emt 0:00:21] Ne5 is the strong threat.} (12. axb5 cxb5 13. Bg2 g4 $15) 12... Nd7 {[%emt 0:11:46] The main line 12...Nd7 scores better than 12...c5.} 13. h4 gxh4 {[%emt 0:01:02] White is better.} 14. Rxh4 Qb6 (14... Rxg7 15. Rh8+ Bf8 16. Ne5 (16. axb5 cxb5 17. Nxb5 Qb6 $14) 16... Nxe5 17. dxe5 Qxd1+ 18. Rxd1 $16) (14... Qc7 $14 {was preferrable.}) 15. Ne5 $1 $16 Rxg7 16. Rh8+ Nf8 $2 {[%emt 0:18:07][%mdl 8192] [#]} (16... Ke7 $16 {is tougher.} 17. Rxa8 Bxa8) 17. a5 $1 $18 Qa6 {[%emt 0:05:40] [#]} 18. Qh5 $146 {[%emt 0:03:50] Threatens to win with Qh6.} ({Predecessor:} 18. Qf3 O-O-O 19. Nxf7 Rxd4 20. Qf6 Rxf7 21. Qxf7 Rd8 22. Kf1 Nd7 23. Rxd8+ Kxd8 24. Rd1 {1-0 Cebalo,M (2485)-Sulava,N (2415) CRO-chT Pula 1993 (5)}) 18... O-O-O 19. Qh6 {[%emt 0:02:12] Repels f6} Rg6 20. Nxg6 fxg6 (20... Nxg6 $142 21. Rxd8+ Kxd8) 21. Kf1 {[%emt 0:01:39] Black must now prevent Ne4.} Ba8 22. Qg7 Qb7 23. Qxb7+ (23. Qf6 Qe7 24. Qxe7 Bxe7) 23... Bxb7 24. a6 Ba8 25. Nxb5 (25. Ne2 $18) 25... cxb5 $16 26. Bxa8 {[%emt 0:00:05] aiming for Bc6.} Kc7 {[%emt 0:01:39] Prevents Bc6.} 27. Bb7 Rxd4 28. Rg8 Rd2 29. Rg7+ ({Better is} 29. Rb1 $16) 29... Kd6 $11 30. Rb1 Bc5 31. Rf7 (31. Ke1 $1 $14 Rxf2 32. b3) 31... Nd7 {[%emt 0:03:06] And now ...Ne5 would win.} 32. Ke1 Rd3 (32... Bb4 $11 {remains equal.} 33. Be4 Ne5) 33. Be4 $36 {[%emt 0:08:34][%csl LRd3,LRg6][%mdl 2048] White is really pushing.} Rd4 34. f3 {[%emt 0:00:05] White is much more active.} Ne5 35. Rb7 b4 {[%emt 0:00:30] [#]} 36. Rd1 $1 Nd3+ $2 (36... b3 $16 {might work better.}) 37. Bxd3 $18 cxd3 {[%emt 0:00:07][%mdl 4096] Endgame KRR-KRB} 38. Kd2 Rd5 39. Rh1 Bf2 40. Rhh7 ({Don't do} 40. Rxb4 Bxg3 41. Rh7 Bf2 $18) 40... Ra5 41. Rbd7+ Ke5 $2 (41... Kc6 {keeps fighting.} 42. Kxd3 Rxa6) 42. Kxd3 Rxa6 43. f4+ Kf5 44. Ke2 {[%emt 0:01:11] Intending Kf3 and mate.} Bxg3 (44... Bc5 $142 45. Rc7 Ra5) 45. Kf3 {[%emt 0:00:06][%cal Rh7f7] White is clearly winning.} ({Not} 45. Rxa7 Rxa7 46. Rxa7 Bxf4 $14) 45... Bxf4 46. Rhf7+ ({Weaker is} 46. Rxa7 Rxa7 47. Rxa7 Bc1 $11) 46... Kg5 47. Rxf4 {[%emt 0:00:05] Weighted Error Value: White=0.20 (precise) /Black=0.44} 1-0